 Dungeon Crawl Stone Soup version 0.25-a0-565-g8875c97ebb (webtiles) character file.

Game seed: 16170265767973569389, levelgen mode: deterministic

21999 Flugslaktarn the Cleaver (level 12, -2/118 HPs)
             Began as a Deep Dwarf Fighter on Feb 26, 2020.
             Was a High Priest of Makhleb.
             Killed from afar by Fannar (33 damage)
             ... with a bolt of cold
             ... on level 12 of the Dungeon.
             The game lasted 00:05:42 (7853 turns).

Flugslaktarn the Cleaver (Deep Dwarf Fighter)       Turns: 7853, Time: 00:05:43

Health: -2/118     AC: 17    Str: 25    XL:     12   Next: 59%
Magic:  12/12      EV:  7    Int:  9    God:    Makhleb [*****.]
Gold:   350        SH:  0    Dex: 12    Spells: 11/11 levels left

rFire    . . .     SeeInvis .   G - +2 executioner's axe (elec)
rCold    . . .     Gourm    .   (shield currently unavailable)
rNeg     . . .     Faith    .   C - +0 plate armour
rPois    .         Spirit   .   l - +0 helmet
rElec    .         Reflect  .   n - +0 cloak
rCorr    .         Harm     .   (no gloves)
MR       +....                  (no boots)
Stlth    ..........             (no amulet)
HPRegen  0.00/turn              (no ring)
MPRegen  0.13/turn              (no ring)

@: non-regenerating
A: damage resistance, heal wounds, sense surroundings 2, no regeneration
a: Heal Wounds, Minor Destruction, Lesser Servant of Makhleb, Major Destruction,
Greater Servant of Makhleb, Renounce Religion


You were on level 12 of the Dungeon.
You worshipped Makhleb.
Makhleb was extremely pleased with you.
You were not hungry.

You visited 2 branches of the dungeon, and saw 13 of its levels.

You collected 630 gold pieces.
You spent 280 gold pieces at shops.

Inventory:

Hand Weapons
 b - a +2 war axe of flaming
   (You took it off Maggie on level 6 of the Dungeon)
 G - a +2 executioner's axe of electrocution (weapon)
   (You took it off Rupert on level 12 of the Dungeon)
Armour
 c - a +0 kite shield
 l - a +0 helmet (worn)
   (You took it off Robin on level 2 of the Dungeon)
 n - a +0 cloak (worn)
   (You found it on level 5 of the Dungeon)
 C - a +0 plate armour (worn)
   (You found it on level 5 of the Dungeon)
Jewellery
 z - an uncursed amulet of regeneration {unknown}
   (You found it on level 7 of the Dungeon)
Wands
 v - a wand of digging (6)
   (You took it off Pikel on level 7 of the Dungeon)
 y - a wand of enslavement (9)
   (You took it off a gnoll shaman on level 7 of the Dungeon)
 D - a wand of paralysis (7)
   (You found it on level 7 of the Dungeon)
Scrolls
 g - 3 scrolls of magic mapping
 j - a scroll of amnesia {unknown}
 o - a scroll of enchant armour
 p - a scroll of vulnerability {unknown}
 r - a scroll of identify
 u - 6 scrolls of teleportation
 w - 11 scrolls of remove curse
 A - 3 scrolls of enchant weapon
 B - 2 scrolls of fog
 E - 3 scrolls of blinking
 F - 2 scrolls of fear
Potions
 d - a potion of might
 f - 2 potions of cancellation
 h - 2 potions of haste
 i - 3 potions of brilliance
 k - 2 potions of magic
 m - 2 potions of heal wounds
 q - 6 potions of curing
 s - a potion of berserk rage
 t - 2 potions of mutation {unknown}
 x - 2 potions of lignification
Comestibles
 a - 4 chunks of flesh
 e - 16 rations


   Skills:
 * Level 10.9 Fighting
 * Level 12.5 Axes
 + Level 9.6 Armour
 - Level 9.6 Shields
 + Level 9.7 Invocations


You had 11 spell levels left.
You didn't know any spells.
Your spell library was empty.

Dungeon Overview and Level Annotations

Branches:
Dungeon (12/15)            Temple (1/1) D:4            Lair (0/6) D:10
    Orc (0/2) D:11

Altars:
Ashenzari
Cheibriados
Dithmenos
Elyvilon
Fedhas
Gozag
Hepliaklqana
Kikubaaqudgha
Makhleb
Nemelex Xobeh
Okawaru
Qazlal
Ru
Sif Muna
Trog
Uskayaw
Vehumet
Wu Jian
Xom
Yredelemnul
Zin
The Shining One

Shops:
D:10 ?

Portals:
Bazaar: D:12

Annotations:
D:4 1 runed translucent door, srslyguys's ghost, amateur DEEE
D:12 Fannar


Innate Abilities, Weirdness & Mutations

You are resistant to damage.
You can heal yourself by infusing magical energy.
You passively map the area around you.
You do not regenerate.


Message History

The bolt of cold misses the ice beast.
The bolt of cold hits you!!
* * * LOW HITPOINT WARNING * * *
The ice beast hits you but does no damage.
The ice beast barely misses you. x2
You are too injured to fight recklessly!
You are too injured to fight recklessly!
You are too injured to fight recklessly!
You are too injured to fight recklessly!
You are too injured to fight recklessly!
You are too injured to fight recklessly!
You are too injured to fight recklessly!
You are too injured to fight recklessly!
You are too injured to fight recklessly!
You are too injured to fight recklessly!
You are too injured to fight recklessly!
You are too injured to fight recklessly!
Fannar casts a spell at you.
The bolt of cold hits the ice beast.
The ice beast completely resists.
The bolt of cold hits you!!
You die...

* **, , , , , #...#..?. ,,
, , *, , , ....#.... ,,
.,*, ,, , ....#.... **
,..#+#############...#....
*
)...............#...#....
................# #....
,................# #.... ,
,,......YY........#,
,#.... , ,
,.....eY.@.......#####....
,,,
.....................####
......##########.....# , *
......* #.....# , ....>
#.....# * + ..... #.....#
* .... ########## * ....
#.... ,* ,, * #....


You could see Fannar and 3 ice beasts.

Vanquished Creatures
  Rupert (D:12)
  Josephine (D:11)
  A hydra (D:12)
  A centaur warrior (D:11)
  A two-headed ogre (D:11)
  An unseen horror (D:10)
  Pikel (D:7)
  An ugly thing (D:11)
  A manticore (D:11)
  A deep elf mage (D:12)
  Maggie (D:6)
  A troll (D:9)
  Grinder (D:5)
  A hornet (D:10)
  3 hippogriffs
  Sigmund (D:2)
  5 wraiths (D:11)
  A wyvern (D:12)
  18 yaks
  2 hungry ghosts
  A human (D:8)
  A steam dragon (D:9)
  2 vampire mosquitoes (D:12)
  A warg (D:11)
  A soldier ant (D:11)
  A porcupine (D:10)
  A water moccasin (D:12)
  An ice beast (D:11)
  A sky beast (D:7)
  A slave (D:7)
  5 orc warriors
  6 black bears
  2 eyes of draining
  5 phantoms
  3 necrophages
  13 ogres
  17 centaurs
  A big kobold (D:11)
  A crocodile (D:8)
  Blork the orc (D:5)
  11 bullfrogs
  9 scorpions
  13 killer bees
  4 wights (D:8)
  A howler monkey (D:4)
  5 crimson imps
  3 quasits
  3 jellies
  2 bullfrog zombies
  3 bullfrog skeletons
  A hound (D:5)
  A gnoll shaman (D:7)
  6 orc priests
  3 centaur skeletons
  Jessica (D:3)
  11 orc wizards
  4 iguanas
  10 worker ants
  2 hound zombies (D:11)
  A hound skeleton (D:7)
  A worker ant zombie (D:6)
  Robin (D:2)
  4 gnolls (D:7)
  15 adders
  4 shadow imps
  2 oozes (D:4)
  An adder skeleton (D:6)
  A worm (D:3)
  2 dart slugs
  5 leopard geckos
  33 orcs
  A ball python (D:5)
  8 giant cockroaches
  10 goblins
  11 hobgoblins
  7 quokkas
  5 bats
  5 frilled lizards
  7 kobolds
  A leopard gecko zombie (D:8)
  A quokka skeleton (D:6)
  5 rats
  A plant (D:10)
334 creatures vanquished.

Vanquished Creatures (others)
  18 fungi (D:10)
  4 plants (D:10)
  A withered plant (D:4)
23 creatures vanquished.

Grand Total: 357 creatures vanquished

Notes
Turn   | Place    | Note
-------+----------+-------------------------------------------
     0 | D:1      | Flugslaktarn the Deep Dwarf Fighter began the quest for the
                  | Orb.
     0 | D:1      | Reached XP level 1. HP: 20/20 MP: 1/1
    77 | D:1      | Reached XP level 2. HP: 27/27 MP: 2/2
   279 | D:2      | Noticed Robin
   282 | D:2      | Reached XP level 3. HP: 34/34 MP: 2/2
   294 | D:2      | Killed Robin
   294 | D:2      | Reached skill level 3 in Axes
   377 | D:2      | Noticed Sigmund
   422 | D:2      | Killed Sigmund
   422 | D:2      | Reached skill level 4 in Axes
   422 | D:2      | Reached XP level 4. HP: 19/44 MP: 3/3
   422 | D:2      | Reached XP level 5. HP: 21/50 MP: 4/4
   542 | D:3      | Noticed Jessica
   547 | D:3      | Killed Jessica
   574 | D:3      | Noticed a phantom
   589 | D:3      | Killed a phantom
   589 | D:3      | Reached XP level 6. HP: 47/58 MP: 5/5
   740 | D:3      | You fall into a shaft and drop 3 floors!
   783 | D:5      | Entered Level 5 of the Dungeon
   811 | D:5      | Noticed Blork the orc
   823 | D:5      | Killed Blork the orc
   909 | D:5      | Reached skill level 5 in Axes
   909 | D:5      | Reached XP level 7. HP: 54/66 MP: 5/5
  1006 | D:5      | Reached skill level 5 in Fighting
  1014 | D:4      | Found a staircase to the Ecumenical Temple.
  1067 | Temple   | Entered the Ecumenical Temple
  1209 | Temple   | Became a worshipper of Makhleb the Destroyer
  1337 | D:4      | Reached skill level 5 in Shields
  1343 | D:4      | Reached skill level 1 in Invocations
  1348 | D:4      | Reached skill level 5 in Armour
  1358 | D:4      | Reached skill level 6 in Axes
  1521 | D:4      | Reached * piety under Makhleb
  1521 | D:4      | Reached XP level 8. HP: 55/75 MP: 7/7
  1774 | D:4      | Found a runed translucent door.
  1774 | D:4      | Noticed srslyguys's ghost (amateur DEEE)
  1807 | D:4      | Found a glowing silver altar of Zin.
  2202 | D:5      | Reached skill level 7 in Axes
  2492 | D:5      | Noticed Grinder
  2506 | D:5      | Paralysed by Grinder for 3 turns
  2512 | D:5      | Paralysed by Grinder for 6 turns
  2518 | D:5      | Killed Grinder
  2518 | D:5      | Gained mutation: You passively map the area around you.
                  | [Deep Dwarf growth]
  2518 | D:5      | Reached XP level 9. HP: 79/85 MP: 8/10
  2810 | D:6      | Noticed Maggie
  2835 | D:6      | Killed Maggie
  3312 | D:7      | Reached skill level 8 in Axes
  3378 | D:7      | Reached ** piety under Makhleb
  3600 | D:7      | Noticed Pikel
  3620 | D:7      | Killed Pikel
  3620 | D:7      | Reached skill level 5 in Invocations
  4176 | D:8      | Reached XP level 10. HP: 87/96 MP: 12/12
  4182 | D:8      | Reached skill level 9 in Axes
  4481 | D:8      | Reached *** piety under Makhleb
  5040 | D:9      | Reached skill level 10 in Axes
  5626 | D:10     | Entered Level 10 of the Dungeon
  5693 | D:10     | Found Ononexie's Magic Scroll Shop.
  5699 | D:10     | Bought a scroll of blinking for 105 gold pieces
  5699 | D:10     | Bought a scroll of teleportation for 42 gold pieces
  5699 | D:10     | Bought a scroll of enchant weapon for 105 gold pieces
  5699 | D:10     | Bought a scroll of identify for 28 gold pieces
  5749 | D:10     | Reached **** piety under Makhleb
  5752 | D:10     | Reached XP level 11. HP: 105/106 MP: 13/13
  5779 | D:10     | Paralysed by a hornet for 1 turns
  5816 | D:10     | Found a staircase to the Lair.
  6097 | D:10     | Killed an unseen horror
  6534 | D:11     | Noticed a two-headed ogre
  6544 | D:11     | Reached ***** piety under Makhleb
  6553 | D:11     | Killed a two-headed ogre
  6553 | D:11     | Reached skill level 11 in Axes
  6614 | D:11     | Noticed Josephine
  6639 | D:11     | Killed Josephine
  6645 | D:11     | Reached skill level 10 in Fighting
  6799 | D:11     | Found a staircase to the Orcish Mines.
  6805 | D:11     | Noticed a centaur warrior
  6822 | D:11     | Killed a centaur warrior
  6949 | D:11     | Noticed a red ugly thing
  6964 | D:11     | Killed a red ugly thing
  6964 | D:11     | Reached XP level 12. HP: 78/116 MP: 1/12
  7340 | D:12     | Noticed a seven-headed hydra
  7351 | D:12     | Killed a one-headed hydra
  7508 | D:12     | Reached skill level 12 in Axes
  7631 | D:12     | Noticed Rupert
  7666 | D:12     | Killed Rupert
  7796 | D:12     | Found a flickering gateway to a bazaar.
  7839 | D:12     | Noticed Fannar
  7853 | D:12     | Killed from afar by Fannar

Levels and vault maps discovered:
D:1:      saegor_arrival_miasma, layout_loops_ring, serial_glass,
          glass_columns_b, glass_columns_a
D:2:      layout_loops_ring, first_ration, uniq_sigmund, uniq_robin
D:3:      layout_loops_corners, minmay_checkerbox, uniq_jessica
D:4:      layout_basic, zin_academy, minmay_temple_entry_stoned_glass,
          gammafunk_ghost_grave, st_stairs_9
D:5:      layout_cave_pods, uniq_grinder, uniq_blork_the_orc
D:6:      layout_loops_ring, uniq_maggie
D:7:      layout_basic, uniq_pikel
D:8:      layout_rooms, grunt_pizzeria, roderic_roman_lattice
D:9:      layout_irregular_city
D:10:     layout_loops_corners, due_lair_maze_entry_diamond, serial_shops,
          shop_fountains
D:11:     layout_irregular_city, erik_orc_4, uniq_josephine
D:12:     layout_gridville, serial_shops, freezing_bzr, minivault_24,
          uniq_rupert, uniq_fannar
Temple:   kilobyte_greek_temple

Skill      XL: |  1  2  3  4  5  6  7  8  9 10 11 12 |
---------------+-------------------------------------+-----
Fighting       | 3 4 5 6 7 9 10 | 10.9
Axes           | 4 5 6 7 8 10 11 12 | 12.5
Armour         | 4 5 6 8 9 |  9.6
Shields        | 4 5 6 7 9 |  9.6
Invocations    | 1 4 5 7 8 9 |  9.7

Action                   |  1- 3 |  4- 6 |  7- 9 | 10-12 || total
-------------------------+-------+-------+-------+-------++-------
Melee: War axe           |   124 |    93 |   381 |   655 ||  1253
       Executioner's axe |       |       |       |    19 ||    19
 Abil: Heal Wounds       |     6 |     3 |    12 |    18 ||    39
  Use: Scroll            |       |       |       |    15 ||    15
  Eat: Chunk             |       |     1 |    10 |    19 ||    30
       Ration            |       |       |     1 |       ||     1
Armor: Scale mail        |    46 |    30 |    72 |       ||   148
       Plate armour      |       |       |    88 |   493 ||   581
Dodge: Dodged            |    31 |    23 |    83 |   166 ||   303
Block: Kite shield       |    64 |    50 |   209 |   495 ||   818

Table legend:
 A = Non-vault XP
 B = Vault XP
 C = Vault XP percentage of total XP
 D = Non-vault monster count
 E = Vault monster count
 F = Vault count percentage of total count
                 A         B        C        D         E       F
            +---------+---------+-------+---------+---------+-------
      Total |   22365 |    9063 |  28.8 |     276 |      56 |  16.9
            +---------+---------+-------+---------+---------+-------
        D:1 |      19 |       0 |   0.0 |      11 |       0 |   0.0
        D:2 |      29 |     254 |  89.8 |      13 |      12 |  48.0
        D:3 |      48 |     166 |  77.6 |      11 |       5 |  31.2
        D:4 |    1113 |      72 |   6.1 |      23 |       2 |   8.0
        D:5 |     770 |     380 |  33.0 |      15 |       2 |  11.8
        D:6 |     115 |     404 |  77.8 |      13 |       1 |   7.1
        D:7 |    1303 |     651 |  33.3 |      27 |       1 |   3.6
        D:8 |    2248 |     200 |   8.2 |      33 |       1 |   2.9
        D:9 |    2590 |       0 |   0.0 |      26 |       0 |   0.0
       D:10 |    3447 |    1259 |  26.8 |      41 |      10 |  19.6
       D:11 |    5551 |    2652 |  32.3 |      36 |      21 |  36.8
       D:12 |    5132 |    3025 |  37.1 |      27 |       1 |   3.6
            +---------+---------+-------+---------+---------+-------
